 Dungeon Sprint DCSS version 0.27-a0-1431-gcffa5a9b16 (webtiles) character file.

Game seed: 6663226601056586023

142 mhtbhm the Tainter (level 5, 0/28 HPs)
             Began as a Deep Elf Venom Mage on July 2, 2021.
             Slain by a water moccasin (1 damage)
             ... in the Dungeon (Sprint IX: "|||||||||||||||||||||||||||||").
             The game lasted 00:00:42 (294 turns).

mhtbhm the Tainter (Deep Elf Venom Mage)             Turns: 294, Time: 00:00:43

Health: 0/28       AC:  2    Str:  5    XL:     5   Next: 3%
Magic:  16/16      EV: 14    Int: 21    God:
Gold:   0          SH:  0    Dex: 15    Spells: 16/17 levels left

rFire    . . .     SeeInvis .   (no weapon)
rCold    . . .     Faith    .   (no shield)
rNeg     . . .     Spirit   .   a - +0 robe
rPois    .         Reflect  .   (no helmet)
rElec    .         Harm     .   (no cloak)
rCorr    .         Rampage  .   (no gloves)
Will     .....     NoTele   +   (no boots)
Stlth    +++.......             (no amulet)
HPRegen  0.09/turn              (no ring)
MPRegen  0.15/turn              (no ring)

@: lethally poisoned (0 -> -32)
A: no striking features
a: no special abilities


You were in the Dungeon.
You visited 1 branch

Inventory:

Armour
 a - a +0 robe (worn)
Scrolls
 g - a scroll of blinking
Potions
 b - a potion of curing
 d - a potion of haste
 e - 2 potions of magic


   Skills:
 + Level 4.7 Dodging
 + Level 4.6 Stealth
 - Level 0.4 Unarmed Combat
 + Level 6.9 Spellcasting
 + Level 3.4 Transmutations
 + Level 8.1 Poison Magic


You had 16 spell levels left.
You knew the following spells:

 Your Spells              Type           Power      Damage    Failure   Level
a - Sting                 Tmut/Pois      100%       1d8       1%          1

Your spell library contained the following spells:

 Spells                   Type           Power      Damage    Failure   Level
 Poisonous Vapours        Pois/Air       48%        N/A       2%          2
 Olgreb's Toxic Radiance  Pois           41%        N/A       3%          4
 Ignite Poison            Fire/Tmut/Pois 23%        N/A       5%          3
 Mephitic Cloud           Conj/Pois/Air  18%        N/A       9%          3


Dungeon Overview and Level Annotations

Branches:
Dungeon (1/1)

Altars:


Message History

The ball python skeleton constricts you.
You punch the ball python skeleton!
You destroy the ball python skeleton!
There is an open door to the Dungeon here.
You feel a strong urge to attack something.
You are no longer berserk.
You are exhausted.
You feel yourself slow down.
Things that are here:
a +0 club; a +0 club; a goblin skeleton You start resting.
You feel yourself speed up.
You start resting.
You recover from your berserk rage.
You start resting.
Magic restored.
There is an open door to the Dungeon here.
You see here a scorpion corpse.
There is an open door to the Dungeon here.
Things that are here:
a +0 club; a +0 club; a goblin skeleton You see here a quokka skeleton.
The water moccasin hisses angrily.
There is an open door here.
You barely miss the water moccasin. The water moccasin bites you.
You hit the water moccasin. You punch the water moccasin.
The water moccasin is lightly wounded.
The water moccasin misses you. x2
You hit the water moccasin.
The water moccasin is lightly wounded.
The water moccasin bites you.
You are lethally poisoned!
The water moccasin poisons you!
You hit the water moccasin but do no damage.
The water moccasin is lightly wounded.
You feel very sick. The water moccasin bites you!
* * * LOW HITPOINT WARNING * * *
You are more poisoned.
The water moccasin poisons you! The water moccasin bites you.
You die... ▓▓▓▓▓▓▓▓▓▓▓▓▓▓▓▓▓▓ ▓<..†')÷...'@S...+ ▓▓▓▓▓▓▓▓▓▓▓▓▓▓▓▓▓▓

You could see a water moccasin.

Vanquished Creatures
  A phantom (D)
  A scorpion (D)
  2 goblins (D)
  A jackal (D)
  A quokka (D)
  A ball python (D)
  A ball python skeleton (D)
  A frilled lizard (D)
9 creatures vanquished.

Notes
Turn   | Place    | Note
-------+----------+-------------------------------------------
     0 | D        | mhtbhm the Deep Elf Venom Mage began the quest for the Orb.
     0 | D        | Reached XP level 1. HP: 10/10 MP: 6/6
     7 | D        | Reached skill level 4 in Poison Magic
    11 | D        | Banished a spatial maelstrom
    67 | D        | Noticed a scorpion
    67 | D        | Noticed a phantom
    67 | D        | Noticed a water moccasin
   210 | D        | Killed a scorpion
   211 | D        | Reached skill level 5 in Spellcasting
   211 | D        | Reached skill level 6 in Poison Magic
   211 | D        | Reached XP level 2. HP: 15/15 MP: 4/10
   211 | D        | Reached XP level 3. HP: 19/19 MP: 4/12
   211 | D        | Reached XP level 4. HP: 24/24 MP: 4/13
   219 | D        | Killed a phantom
   220 | D        | Reached skill level 8 in Poison Magic
   220 | D        | Reached XP level 5. HP: 28/28 MP: 4/16
   294 | D        | HP: 1/28 [water moccasin (9)]
   294 | D        | Slain by a water moccasin

Illustrated notes

Levels and vault maps discovered:
D:        linesprint [early_d, line_temple, items_1, d_10, items_2, lair_1,
          lair_end, items_3, orc_1, orc_end, items_4, d_15, swamp_1, shoals_1,
          snake_1, spider_1, d_20, vaults_1, items_5, swamp_end, shoals_end,
          snake_end, spider_end, vaults_end, d_27, items_6, zot_1, zot_end,
          crypt_end, forest_end, elf_end, slime_end, tomb_end, abyss_end,
          pan_hell_end]

Skill      XL: |  1  2  3  4 |
---------------+-------------+-----
Poison Magic   | 6 8 |  8.1
Dodging        | 4 |  4.7
Stealth        | 4 |  4.6
Spellcasting   | 5 6 |  6.9
Transmutations | 2 3 |  3.4
Unarmed Combat | |  0.4

Action                   |  1- 3 |  4- 6 || total
-------------------------+-------+-------++-------
Melee: Unarmed           |       |    15 ||    15
       Punch             |       |     1 ||     1
 Cast: Sting             |    10 |     1 ||    11
  Use: Potion            |     1 |     1 ||     2
Armor: Robe              |     1 |     1 ||     2
Dodge: Dodged            |     3 |     5 ||     8

Table legend: (Time is in decaauts)
 A = Elapsed time spent in this place.
 B = Non-inter-level travel time spent in this place.
 C = Inter-level travel time spent in this place.
 D = Time resting spent in this place.
 E = Time spent auto-exploring this place.
 F = Levels seen in this place.
 G = Mean time per level.
                   A        B        C        D        E       F      G
               +--------+--------+--------+--------+--------+-----+--------+
         Total |    307 |    307 |      0 |    246 |      0 |   1 |  307.0 |
       Dungeon |    307 |    307 |      0 |    246 |      0 |   1 |  307.0 |
               +--------+--------+--------+--------+--------+-----+--------+

Top non-repeatable levels by time:
       D: 307 daAuts
